 Seeded DCSS version 0.32-a0-913-g739538afd8 (webtiles) character file.

Game seed: 17073724502869601980 (custom seed)

1570 timneilson the Covered (level 8, 0/70 HPs)
             Began as a Minotaur Fighter on Apr 8, 2024.
             Was an Initiate of Gozag.
             Killed by divine providence
             ... invoked by an orc priest
              (11 damage)
             ... on level 7 of the Dungeon.
             The game lasted 00:08:42 (5852 turns).

timneilson the Covered (Minotaur Fighter)           Turns: 5852, Time: 00:08:42

Health: 0/70       AC: 12    Str: 20    XL:     8   Next: 59%
Magic:  7/7        EV:  8    Int:  5    God:    Gozag
Gold:   2176       SH:  6    Dex: 13    Spells: 7/7 levels left

rFire   . . .        u - +0 scimitar
rCold   . . .        c - +1 buckler
rNeg    . . .        p - +0 chain mail
rPois   .            n - +2 hat
rElec   .            (no cloak)
rCorr   +            (no gloves)
SInv    +            (no boots)
Will    .....        (no amulet) Stlth
                     m - ring of see invisible
HPRegen 0.31/turn    b - ring of resist corrosion
MPRegen 0.10/turn

%: no passive effects
@: no status effects
A: horns 2, retaliatory headbutt
a: Renounce Religion, Potion Petition, Call Merchant, Bribe Branch


You were on level 7 of the Dungeon.
You worshipped Gozag.
Gozag was most pleased with you.
You visited 2 branches of the dungeon, and saw 8 of its levels.

You collected 2241 gold pieces.
You paid 65 gold pieces to Gozag.

Inventory:

Hand Weapons
 a - a +0 long sword of freezing
 u - a +0 scimitar (weapon)
Missiles
 t - 4 poisoned darts
 A - 6 javelins (quivered)
Armour
 c - a +1 buckler (worn)
 n - a +2 hat (worn)
 p - a +0 chain mail (worn)
Jewellery
 b - a ring of resist corrosion (right hand)
 m - a ring of see invisible (left hand)
 y - a ring of magical power
Wands
 l - a wand of roots (21)
 r - a wand of quicksilver (10)
 v - a wand of flame (17)
Scrolls
 q - a scroll of fear
 s - 2 scrolls of amnesia
 w - 2 scrolls of identify
 B - a scroll of teleportation
 C - a scroll of summoning {unknown}
Potions
 d - 3 potions of might
 e - a potion of haste {unknown}
 f - a potion of mutation {unknown}
 g - 2 potions of lignification
 h - a potion of magic {unknown}
 i - 2 potions of curing
 j - 2 potions of berserk rage {unknown}
 k - a potion of degeneration {unknown}
 o - 2 potions of ambrosia {unknown}
 x - 2 potions of attraction {unknown}
 z - a potion of enlightenment {unknown}


   Skills:
 + Level 5.8 Fighting
 * Level 6.6 Long Blades
 * Level 7.1 Armour
 + Level 3.7 Dodging
 * Level 7.0 Shields
 + Level 2.7 Evocations


You had 7 spell levels left.
You didn't know any spells.
Your spell library contained the following spells:

 Spells                   Type           Power      Damage    Failure   Level
 Summon Ice Beast         Ice/Summ       0%         N/A       100%        3
 Summon Mana Viper        Hex/Summ       0%         N/A       100%        5
 Monstrous Menagerie      Summ           0%         N/A       100%        7


Dungeon Overview and Level Annotations

Branches:
Dungeon (7/15)             Temple (1/1) D:5

Altars:
Cheibriados
Dithmenos
Elyvilon
Fedhas
Gozag
Hepliaklqana
Kikubaaqudgha
Makhleb
Nemelex Xobeh
Okawaru
Ru
Uskayaw
Vehumet
Xom
Yredelemnul
Zin
The Shining One


Innate Abilities, Weirdness & Mutations

You have a pair of horns on your head.
You reflexively headbutt those who attack you in melee.


Message History

Your Shields skill increases to level 7!
You feel sick.
The orc wizard shouts!
The orc priest is no longer distracted by gold.
The orc priest barely misses you. You furiously retaliate!
You headbutt the orc priest.
You see here 19 gold pieces.
Unknown command.
You slash the orc priest!
You kill the orc priest!
You feel sick.
The orc wizard gestures at you while chanting.
You are confused.
Unknown command.
You hit the iguana.
The iguana is no longer distracted by gold.
You headbutt the iguana.
The iguana is lightly wounded.
You feel sick.
An orc comes into view. It is wielding a +0 war axe.
An orc priest comes into view. It is wielding a +0 flail.
The iguana bites you but does no damage.
You feel sick. The iguana attacks as it pursues you!
The iguana completely misses you.
You bump into the rock wall.
You feel sick.
The orc priest shouts!
The orc priest mumbles some strange prayers to Beogh against you.
Beogh smites you!
* * * LOW HITPOINT WARNING * * *
The iguana bites you but does no damage.
You bump into the rock wall.
You feel sick. The iguana bites you!
* * * LOW HITPOINT WARNING * * *
You barely miss the iguana.
The iguana is lightly wounded.
You feel sick. The iguana barely misses you.
You feel better.
The orc priest mumbles some strange prayers to Beogh against you.
Beogh smites you!
You die...
Your body crumbles into a pile of gold.

#..........#..#...
###...##...#.##...
#)........###...# ###
######..##....## #...# ..#
#..<..........# #.#. #.#
#.............## #... #.#
#...#.#......#)## ##.#
#)#####...#.##.######)###.##
#..)[.....#@##.# ##...##
########..#l##.# #...#
######..$o...### #...#
........#......# #...#
........o...##.#####...###
..........................
.<..o.....................
..........................
...............#####...###


You could see an iguana, an orc priest, an orc wizard and an orc.

Vanquished Creatures
  A water moccasin (D:5)
  A black bear (D:6)
  An ogre (D:6)
  2 centaurs
  2 phantoms
  2 scorpions (D:5)
  3 wights (D:7)
  3 killer bees (D:7)
  3 hounds (D:5)
  4 orc priests
  2 sleepcaps
  2 iguanas
  4 gnolls (D:4)
  10 adders
  2 ufetubi (D:6)
  3 dart slugs
  17 orcs
  8 endoplasms
  5 giant cockroaches
  8 hobgoblins
  11 jackals
  4 quokkas
  3 ball pythons
  11 bats
  7 frilled lizards
  6 goblins
  9 kobolds
  5 rats
139 creatures vanquished.

Notes
Turn   | Place    | Note
-------+----------+-------------------------------------------
     0 | D:1      | timneilson the Minotaur Fighter began the quest for the
                  | Orb.
     0 | D:1      | Reached XP level 1. HP: 19/19 MP: 0/0
   124 | D:1      | Identified a scroll of acquirement
   124 | D:1      | Acquired 1003 gold pieces
   313 | D:1      | Reached XP level 2. HP: 24/27 MP: 1/1
   840 | D:3      | Found a radiant altar of Vehumet.
   963 | D:4      | Acquired 287 gold pieces
   982 | D:5      | Entered Level 5 of the Dungeon
   992 | D:5      | Reached XP level 3. HP: 33/33 MP: 2/2
   997 | D:5      | Found a staircase to the Ecumenical Temple.
  1005 | Temple   | Entered the Ecumenical Temple
  1024 | Temple   | Became a worshipper of Gozag Ym Sagoz the Greedy
  1290 | D:2      | Reached skill level 1 in Dodging
  1387 | D:2      | Reached XP level 4. HP: 40/40 MP: 3/3
  2390 | D:3      | Found a faded altar of an unknown god.
  2897 | D:4      | Reached XP level 5. HP: 38/46 MP: 4/4
  3561 | D:5      | Noticed a phantom
  3575 | D:4      | Killed a phantom
  3576 | D:4      | Reached skill level 5 in Armour
  3576 | D:4      | Reached skill level 5 in Shields
  3576 | D:4      | Reached skill level 1 in Evocations
  3576 | D:4      | Reached XP level 6. HP: 50/53 MP: 5/5
  3797 | D:5      | Noticed a water moccasin
  3820 | D:5      | Killed a water moccasin
  3821 | D:5      | Reached skill level 5 in Long Blades
  3821 | D:5      | Reached XP level 7. HP: 15/60 MP: 6/6
  4075 | D:5      | Reached skill level 5 in Fighting
  4684 | D:6      | Reached XP level 8. HP: 43/68 MP: 7/7
  5699 | D:7      | Found an iron altar of Okawaru.
  5852 | D:7      | Killed from afar by an orc priest

Illustrated notes

Levels and vault maps discovered:
D:1:      lightli_arrival_windingriver, layout_loops_ring
D:2:      layout_basic, dk_noncrumbling_3
D:3:      layout_loops_corners, mainiacjoe_overflow_boulevard,
          shapermc_ecumenical_altar_gd, minmay_misc_feat_alley, st_stairs_8
D:4:      layout_gridville, lemuel_flame_loot_1
D:5:      layout_basic, minmay_temple_entry_stoned_glass
D:6:      layout_basic, grunt_decor_mini_mirrors
D:7:      layout_loops_cross, mainiacjoe_overflow_six_doors_small,
          lemuel_round_altar, lemuel_blue_sif_altar
Temple:   nicolae_temple_superstar

Skill      XL: |  1  2  3  4  5  6  7  8 |
---------------+-------------------------+-----
Long Blades    | 3 4 5 6 |  6.6
Shields        | 4 5 6 7 |  7.0
Armour         | 4 5 6 7 |  7.1
Dodging        | 1 2 3 |  3.7
Fighting       | 4 5 |  5.8
Evocations     | 1 2 |  2.7

Action                     |  1- 3 |  4- 6 |  7- 9 || total
---------------------------+-------+-------+-------++-------
  Melee: Long sword        |    84 |   197 |   113 ||   394
         Headbutt          |     5 |    28 |    31 ||    64
         Scimitar          |       |       |    14 ||    14
    Use: Scroll            |     3 |     5 |     4 ||    12
         Potion            |       |     1 |     1 ||     2
   Stab: Distracted        |       |     3 |       ||     3
 Armour: Scale mail        |    62 |    19 |       ||    81
         Chain mail        |       |   145 |   113 ||   258
  Dodge: Dodged            |    22 |    87 |    45 ||   154
  Block: Buckler           |    16 |    60 |    53 ||   129

Table legend: (Time is in decaauts)
 A = Elapsed time spent in this place.
 B = Non-inter-level travel time spent in this place.
 C = Inter-level travel time spent in this place.
 D = Time resting spent in this place.
 E = Time spent auto-exploring this place.
 F = Levels seen in this place.
 G = Mean time per level.
                   A        B        C        D        E       F      G
               +--------+--------+--------+--------+--------+-----+--------+
         Total |   5938 |   5625 |    313 |    136 |   4089 |   8 |  742.2 |
       Dungeon |   5899 |   5604 |    295 |    136 |   4089 |   7 |  842.7 |
        Temple |     38 |     20 |     18 |      0 |      0 |   1 |   38.0 |
               +--------+--------+--------+--------+--------+-----+--------+

Top non-repeatable levels by time:
     D:6: 1111 daAuts
     D:4: 1051 daAuts
     D:5: 976 daAuts
     D:2: 938 daAuts
     D:3: 902 daAuts
     D:1: 667 daAuts
     D:7: 252 daAuts
  Temple: 38 daAuts
